 Dungeon Crawl Stone Soup version 0.26-a0-720-g2a1d101370 (webtiles) character file.

Game seed: 7956535918001171827

2330 2tc the Cleaver (level 9, -6/61 HPs)
             Began as a Demonspawn Gladiator on Nov 3, 2020.
             Was a Follower of Kikubaaqudgha.
             Mangled by an orc warrior
             ... wielding a +0 trident
              (17 damage)
             ... on level 7 of the Dungeon.
             The game lasted 00:24:15 (6718 turns).

2tc the Cleaver (Demonspawn Gladiator)              Turns: 6718, Time: 00:24:15

Health: -6/61      AC:  7    Str: 16    XL:     9   Next: 19%
Magic:  9/9        EV: 15    Int: 15    God:    Kikubaaqudgha [*.....]
Gold:   354        SH:  0    Dex: 17    Spells: 8/8 levels left

rFire    . . .     SeeInvis .   n - +1 hand axe
rCold    . . .     Faith    .   (no shield)
rNeg     . . .     Spirit   .   b - +1 leather armour
rPois    .         Reflect  .   (helmet restricted)
rElec    .         Harm     .   s - +1 cloak {Stlth+}
rCorr    .         Rampage  .   t - +0 pair of gloves
MR       .....                  (no boots)
Stlth    ++........             v - amulet of regeneration
HPRegen  0.60/turn              e - +6 ring of intelligence
MPRegen  0.11/turn              l - ring of stealth

@: no status effects
A: horns 1, powered by pain 1, spiny 3
a: Receive Corpses, Renounce Religion


You were on level 7 of the Dungeon.
You worshipped Kikubaaqudgha.
Kikubaaqudgha was aware of your devotion.
You visited 2 branches of the dungeon, and saw 8 of its levels.

You collected 354 gold pieces.

Inventory:

Hand Weapons
 a - a +0 war axe
 n - a +1 hand axe (weapon)
Missiles
 d - 4 throwing nets (quivered)
Armour
 b - a +1 leather armour (worn)
 c - a +0 helmet
 s - a +1 cloak of stealth (worn)
 t - a +0 pair of gloves (worn)
Jewellery
 e - a +6 ring of intelligence (left hand)
 j - an uncursed ring of ice
 l - a ring of stealth (right hand)
 v - an amulet of regeneration (around neck)
Wands
 q - a wand of polymorph (11)
Scrolls
 g - 4 scrolls of remove curse
 u - a scroll of teleportation
Potions
 f - a potion of brilliance
 h - 2 potions of stabbing
 i - a potion of curing
 k - a potion of haste
 m - a potion of flight
 o - a potion of might
 p - a potion of heal wounds {unknown}
 r - a potion of degeneration {unknown}
 w - 2 potions of resistance {unknown}


   Skills:
 - Level 2.0 Fighting
 * Level 10.2 Axes
 - Level 1.7 Throwing
 - Level 5.0 Dodging
 + Level 3.5 Necromancy


You had 8 spell levels left.
You didn't know any spells.
Your spell library was empty.

Dungeon Overview and Level Annotations

Branches:
Dungeon (7/15)             Temple (1/1) D:5

Altars:
Cheibriados
Gozag
Hepliaklqana
Kikubaaqudgha
Makhleb
Nemelex Xobeh
Okawaru
Qazlal
Ru
Trog
Uskayaw
Vehumet
Wu Jian
Xom
Yredelemnul
Zin
The Shining One

Shops:
D:4 :

Annotations:
D:6 Maggie


Innate Abilities, Weirdness & Mutations

You have a pair of small horns on your head.
You sometimes gain a little power by taking damage.
You are completely covered in sharp spines.


Message History

Here: an orc warrior, wielding a +0 trident and wearing a +0 chain mail The floor.
You slash the giant cockroach!
You kill the giant cockroach!
Kikubaaqudgha accepts your kill.
You can now receive cadavers from Kikubaaqudgha.
You see here Kikubaaqudgha's Incunabulum of Necromancy.
Kikubaaqudgha grants you a gift!
The orc warrior hits you with a +0 trident!
Things that are here:
a +0 club; a necrophage corpse You hit the orc warrior but do no damage.
The orc warrior hits you with a +0 trident!
You barely miss the orc warrior.
The orc warrior hits you with a +0 trident!!
* * * LOW HITPOINT WARNING * * *
You feel better.
The orc warrior hits you with a +0 trident!
You die...
Kikubaaqudgha rasps: "You have failed me!
Welcome... death!"

#..#....#.PPP.P.P. ####
......#.....P...P.P ##...#
......#...P.P.P.P.PPP.....
......+...P...P.P......[.
#....##...PPP.PPPPPPP# /#
#..[.##..<.##....##..##.####.
...).............<...........
....))...........o...........
###..##...######@###..######.
#######...######:###..#
..................#.......#
§.................#.......#
§##...............#....$nB..>
§##...............#.....≈≈.≈≈
.#...(............#....≈§...≈
.##..##...###.#########≈oJ≈.≈
.###+ ##### #.# §§.§≈≈


You could see an orc warrior.

Vanquished Creatures
  Menkaure (D:5)
  A water moccasin (D:6)
  An ice beast (D:5)
  A black bear (D:7)
  A necrophage (D:7)
  2 ogres
  2 centaurs
  4 bullfrogs
  3 scorpions (D:4)
  2 wights
  A howler monkey (D:5)
  2 bullfrog skeletons
  2 hounds
  Crazy Yiuf (D:4)
  9 orc priests
  A centaur skeleton (D:6)
  4 iguanas
  4 worker ants
  3 orc wizards
  5 gnolls
  8 adders
  2 adder skeletons
  2 worms
  A dart slug (D:1)
  5 leopard geckos
  27 orcs
  8 bats
  6 giant cockroaches
  9 goblins
  11 hobgoblins
  6 jackals
  6 kobolds
  5 quokkas
  3 ball pythons
  4 frilled lizards
  A jackal skeleton (D:5)
  A quokka skeleton (D:5)
  5 rats
160 creatures vanquished.

Vanquished Creatures (others)
  An orc wizard (D:7)
1 creature vanquished.

Grand Total: 161 creatures vanquished

Notes
Turn   | Place    | Note
-------+----------+-------------------------------------------
     0 | D:1      | 2tc the Demonspawn Gladiator began the quest for the Orb.
     0 | D:1      | Reached XP level 1. HP: 16/16 MP: 1/1
   119 | D:1      | Reached skill level 3 in Axes
   127 | D:1      | Gained mutation: You have a pair of small horns on your
                  | head. [demonic ancestry]
   127 | D:1      | Reached XP level 2. HP: 19/22 MP: 2/2
   728 | D:2      | Reached XP level 3. HP: 27/27 MP: 3/3
   788 | D:2      | Reached skill level 4 in Axes
  1076 | D:2      | Noticed a bullfrog
  1086 | D:2      | Killed a bullfrog
  1086 | D:2      | Reached skill level 5 in Axes
  1086 | D:2      | Reached XP level 4. HP: 13/33 MP: 4/4
  1302 | D:2      | Gained mutation: You are partially covered in sharp spines.
                  | [demonic ancestry]
  1302 | D:2      | Reached XP level 5. HP: 28/38 MP: 5/5
  2009 | D:3      | Reached skill level 6 in Axes
  2579 | D:4      | Gained mutation: You are mostly covered in sharp spines.
                  | [demonic ancestry]
  2579 | D:4      | Reached XP level 6. HP: 41/44 MP: 6/6
  2626 | D:4      | Found a sparkling altar of Nemelex Xobeh.
  3214 | D:4      | Found Lowateq's Book Emporium.
  3496 | D:4      | Found a runed translucent door.
  3497 | D:4      | Noticed Crazy Yiuf
  3724 | D:4      | Gained mutation: You are completely covered in sharp
                  | spines. [demonic ancestry]
  3724 | D:4      | Reached XP level 7. HP: 42/50 MP: 7/7
  3916 | D:4      | Found a hazy altar of Hepliaklqana.
  3952 | D:4      | Reached skill level 7 in Axes
  4302 | D:4      | Killed Crazy Yiuf
  4346 | D:5      | Entered Level 5 of the Dungeon
  4624 | D:5      | Noticed Menkaure
  4632 | D:5      | Killed Menkaure
  4632 | D:5      | Reached skill level 8 in Axes
  4632 | D:5      | Reached XP level 8. HP: 56/56 MP: 8/8
  4709 | D:5      | Reached skill level 5 in Dodging
  5027 | D:5      | Found a staircase to the Ecumenical Temple.
  5036 | Temple   | Entered the Ecumenical Temple
  5114 | Temple   | Became a worshipper of Kikubaaqudgha
  5157 | D:5      | Found a shimmering altar of Xom.
  5157 | D:5      | Found an iron altar of Okawaru.
  5157 | D:5      | Found a glowing golden altar of the Shining One.
  5157 | D:5      | Found a sacrificial altar of Ru.
  5176 | D:5      | Found a snail-covered altar of Cheibriados.
  5247 | D:5      | Found a bloodstained altar of Trog.
  5345 | D:5      | Found a radiant altar of Vehumet.
  5418 | D:6      | Reached skill level 9 in Axes
  5716 | D:6      | Reached skill level 1 in Necromancy
  6256 | D:6      | Noticed Maggie
  6304 | D:7      | Gained mutation: You sometimes gain a little power by
                  | taking damage. [demonic ancestry]
  6304 | D:7      | Reached XP level 9. HP: 24/61 MP: 9/9
  6310 | D:7      | Reached skill level 10 in Axes
  6694 | D:7      | Found a shimmering altar of Xom.
  6714 | D:7      | Reached * piety under Kikubaaqudgha
  6714 | D:7      | Identified Kikubaaqudgha's Incunabulum of Necromancy
                  | (Kikubaaqudgha gifted it to you on level 7 of the Dungeon)
  6714 | D:7      | Received a gift from Kikubaaqudgha
  6717 | D:7      | HP: 2/61 [orc warrior/+0 trident (18)]
  6718 | D:7      | Mangled by an orc warrior

Illustrated notes

Levels and vault maps discovered:
D:1:      ncdulo_watergridlock, layout_loops_ring, minmay_indecisive_spiral
D:2:      layout_rooms, minivault_14
D:3:      layout_basic
D:4:      layout_loops_corners, nemelex_xobeh_ov_fountains_minmay,
          kennysheep_mini_moat, serial_shops, shop, kennysheep_generic_room_12,
          uniq_crazy_yiuf_cottage
D:5:      layout_rooms, minmay_overflow_temple_hex,
          minmay_temple_entry_large_hall, basic_altar, uniq_menkaure
D:6:      layout_loops_cross, uniq_maggie
D:7:      layout_gridville, fedhas_altar_4, minmay_hedge_maze,
          xom_confusion_cloud, uniq_duvessa
Temple:   dpeg_three_leaves_temple

Skill      XL: |  1  2  3  4  5  6  7  8  9 |
---------------+----------------------------+-----
Axes           | 3 5 6 8 9 10 | 10.2
Dodging        | 3 4 5 |  5.0
Necromancy     | 2 3 |  3.5
Fighting       | |  2.0
Throwing       | |  1.7

Action                   |  1- 3 |  4- 6 |  7- 9 || total
-------------------------+-------+-------+-------++-------
Melee: War axe           |    60 |    48 |       ||   108
       Headbutt          |    10 |    28 |    37 ||    75
       Hand axe          |       |    88 |   189 ||   277
  Use: Scroll            |     6 |     5 |     7 ||    18
       Potion            |     1 |     2 |     5 ||     8
 Stab: Sleeping          |       |     6 |     1 ||     7
       Distracted        |       |     1 |       ||     1
Armor: Leather armour    |    16 |    13 |    27 ||    56
Dodge: Dodged            |    32 |    55 |   119 ||   206

Table legend: (Time is in decaauts)
 A = Elapsed time spent in this place.
 B = Non-inter-level travel time spent in this place.
 C = Inter-level travel time spent in this place.
 D = Time resting spent in this place.
 E = Time spent auto-exploring this place.
 F = Levels seen in this place.
 G = Mean time per level.
                   A        B        C        D        E       F      G
               +--------+--------+--------+--------+--------+-----+--------+
         Total |   6705 |   6597 |    108 |   2580 |   2936 |   8 |  838.1 |
       Dungeon |   6614 |   6506 |    108 |   2580 |   2936 |   7 |  944.9 |
        Temple |     91 |     91 |      0 |      0 |      0 |   1 |   91.0 |
               +--------+--------+--------+--------+--------+-----+--------+

Top non-repeatable levels by time:
     D:4: 1786 daAuts
     D:2: 1130 daAuts
     D:5: 1021 daAuts
     D:6: 787 daAuts
     D:3: 764 daAuts
     D:1: 695 daAuts
     D:7: 428 daAuts
  Temple: 91 daAuts
